 BcadrenCrawl: Boulder Brew version 0.06-688-g08e91b2d95 (webtiles) character file.

Game seed: 5339838559741168427

22680 Leeroy the Warrior (level 12, -2/138 HPs) Platinum Draconian Priest. Began on Jan 31, 2023. Was the Champion of Bahamut & Tiamat. Slain by a wolf (16 damage) ... on level 3 of the Lair of Beasts. The game lasted 00:59:23 (16210 turns).

Leeroy the Warrior (Platinum Draconian Priest)     Turns: 16210, Time: 00:59:23

Health: -2/138     AC: 17    Str: 15    XL:     12 ^: 5632
Magic:  28/28      EV: 20    Int: 12    God:    Bahamut & Tiamat [6* [168]]
Gold:   322        SH:  0    Dex: 24    Spells: 23/35 levels left

rFire    + . .     Slash    +     - Unarmed
rCold    . . .     Pierce   x     - Unarmed
rNeg     . . .     Bludgeon .   (armour unavailable)
rCorr    . . .     Vision   .   w - +2 hat {MR+}
rPois    +         Gourm    .   U - +2 cloak {soft}
rElec    .         Faith    +   (no gloves)
MR       +....     Spirit   .   m - +2 pair of boots {rF+}
HPRegen  0.56/turn Reflect  .   f - amulet of faith
MPRegen  0.38/turn Harm     .   P - ring of Phasing {EV+8 Dex+5}
Stlth    +++.......             Q - ring of poison resistance

@: quick
A: deformed body 2, DEX +3, cold-blooded, boosted bows aptitude, boosted stealth
aptitude, translocation, transmutation and hexes enhancers 1, fast, rMut,
draconic flesh, AC +9
a: Breathe Mutagenic Radiation, Adaptive Breath, Drake Mount, Renounce Religion


You were on level 3 of the Lair of Beasts.
You worshipped Bahamut & Tiamat.
Bahamut & Tiamat was exalted by your worship.
You were hungry.

You visited 3 branches of the dungeon, and saw 9 of its levels.
You also visited: Gauntlet and Temple.

You collected 486 gold pieces.
You spent 164 gold pieces at shops.

Inventory:

Weapons
 k - the +8 arc blade {discharge, rElec}
   (You found it in a Gauntlet)

   It insulates you from electricity.
 H - a +5 scimitar of molten steel
 M - a +1 dagger of caustic ooze
 X - a +0 whip of electrocution
 Y - a +3 great sword of freezing
 Z - a +4 broad axe of freezing Shields
 s - a +0 sai
Armour
 m - a +2 pair of boots of fire resistance (worn)
 w - a +2 hat of magic resistance (worn)
 U - a +2 cloak of softness (worn)
Jewellery
 f - an amulet of faith (around neck)
 g - an uncursed ring of magical power
 n - an uncursed ring of stealth
 u - an uncursed amulet of regeneration
 x - an uncursed ring of fire
 B - an uncursed ring of strength
 L - the cursed ring "Salat" {rPois rN+ +Vis, (Curse: *Drain)}
   (You took it off an orc wizard on level 4 of the Dungeon)

   [ring of positive energy]

   It protects you from poison.
   It protects you from negative energy.
   It improves your vision.
   It has a curse placed upon it.
   { (Curse: *Drain)}
 P - the ring of Phasing (left hand) {EV+8 Dex+5}
   (You took it off an orc on level 5 of the Dungeon)

   [ring of dexterity]

   It affects your evasion (+8).
   It affects your dexterity (+5).
 Q - a ring of poison resistance (right hand)
 V - the cursed amulet of Charity {-Vis rElec rPois Str-5 Slay+5, (Curse: *Corrode Int-4)}
   (You took it off an orc on level 5 of the Dungeon)

   [amulet of reduced vision]

   It blurs your vision.
   It affects your strength (-5).
   It affects your accuracy and damage with ranged weapons and melee attacks
   (+5).
   It insulates you from electricity.
   It protects you from poison.
   It blurs your vision.
   It has a curse placed upon it.
   { (Curse: *Corrode Int-4)}
 W - a cursed amulet of magic regeneration {(Curse: Slay-5)}
Wands
 p - a wand of random effects (2)
 v - a wand of ensnaring (6)
 C - a wand of scattershot (1)
 G - a wand of polymorph (1)
 I - a wand of enslavement (10)
 J - a wand of flame (15)
 N - a wand of iceblast (9)
 O - a wand of healing (4)
Scrolls
 e - 2 scrolls of silence
 l - a scroll of blinking
 r - 2 scrolls of magic mapping
 t - 2 scrolls of torment
 y - 3 scrolls of fog
 E - 4 scrolls of teleportation
 K - 2 scrolls of summoning
Potions
 b - a potion of haste
 c - 3 potions of might
 h - 6 potions of curing
 i - 2 potions of lignification
 o - 2 potions of magic
 z - a potion of ambrosia
 A - 2 potions of cancellation
 D - a potion of cure mutation
 R - a potion of resistance
 S - a potion of berserk rage
Miscellaneous
 j - a box of beasts
 q - a lightning rod (4/4)
Comestibles
 a - 20 rations
 d - 12 chunks of flesh


   Skills:
 - Level 15.0 Fighting
 - Level 1.5 Dodging
 - Level 2.0 Stealth
 - Level 6.7 Unarmed Combat
 - Level 12.1 Spellcasting
 + Level 10.3 Transmutations
 - Level 9.2 Invocations


You had 23 spell levels left.
You knew the following spells:

 Your Spells              Type           Power        Failure   Level  Hunger
a - Flame Tongue          Fire           7 (30)       10%         1    0
b - Dragon Form Tmut 48 (200) 75% 7 415-695 c - Leda's Liquefaction Tmut/Erth      29 (200)     12%         4    55-155

Your spell library contained the following spells:

 Spells                   Type           Power        Failure   Level  Hunger
 Slow                     Hex            10 (100)     10%         1    0
 Ice Form Ice/Tmut 29 (100) 12% 4 55-155 Blink Tloc           N/A          14%         2    0
 Call Imp                 Summ           7 (100)      14%         2    0
 Shroud of Golubria       Chrm/Tloc      10 (200)     14%         2    0
 Conjure Flame Fire 7 (100) 28% 3 0-35 Mephitic Cloud Pois/Air 7 (100) 28% 3 0-35 Teleport Other Hex/Tloc 10 (100) 28% 3 0-35 Cause Fear Hex 10 (200) 67% 4 55-155 Force Lance Tloc/Air 10 (200) 67% 4 55-155 Force Lasso Tloc/Erth 10 (200) 67% 4 55-155 Passage of Golubria Tloc N/A 67% 4 55-155 Statue Form Tmut/Erth 29 (150) 87% 6 295-515 Bolt of Magma Fire/Erth 7 (200) 95% 5 175-335 Bolt of Cold Ice 7 (200) 100% 6 295-515 Bolt of Fire Fire 7 (200) 100% 6 295-515 Freezing Cloud Ice/Air 7 (200) 100% 6 295-515 Iron Shot Erth 7 (200) 100% 6 295-515 Ozocubu's Refrigeration Ice 7 (200) 100% 6 295-515 Simulacrum Ice/Necr 7 (200) 100% 6 295-515 Tunneling Erth 7 (200) 100% 6 295-515 Icicle Cascade Ice 7 (200) 100% 8 535-875 Dragon's Call Summ 7 (200) 100% 9 655-1055 Shatter Erth           7 (200)      100%        9    655-1055


Dungeon Overview and Level Annotations

Branches:
Dungeon (5/8)              Temple (1/1) D:4            Lair (3/6) D:5
 Shoals (0/4) Lair:2        Snake (0/4) Lair:2      Gauntlet (visited)

Altars:
Ashenzari Bahamut & Tiamat
Cheibriados
Dithmenos
Elyvilon
Gozag Ym Sagoz
Hepliaklqana
Kikubaaqudgha
Nemelex Xobeh
Okawaru
Qazlal
Ru
Sif Muna
Trog
Uskayaw
Wu Jian
Xom
Yredelemnul
Zin
The Shining One

Shops:
D:5 ?

Annotations:
D:2 Prince Ribbit


Innate Abilities, Weirdness & Mutations

Your lustrous platinum scales are resilient. (AC +9)
You can breathe blasts of radiation.
You cannot wear any armour on your peculiar form.
You are cold-blooded and are slowed more easily by cold attacks.
You are naturally skilled at Bows (Aptitude +3).
You are naturally skilled at Stealth (Aptitude +3).
You are in touch with the powers of translocation, transmutation and hexes.
Your lustrous platinum scales increase your movement speed and make you resistant to mutation. (fast, rMut)
Your scales resist being cut, but it's oddly easy to stick a small blade between them. (rSlashing+, rPiercing-)
You are very agile. (DEX +3)


Message History

* * * LOW HITPOINT WARNING * * *
The wolf closely misses you. x2
Okay, then.
Okay, then.
Okay, then.
Okay, then.
The wolf bites your rime drake (7)!
Your rime drake dies.
The wolf bites you (5).
You are perforated ruthlessly!
* * * LOW HITPOINT WARNING * * *
You hit the wolf (2). x2; You tail-slap the wolf (1).
The wolf is moderately wounded. (18/23) HP The wolf bites you (1).
You are perforated ruthlessly!
* * * LOW HITPOINT WARNING * * *
The wolf bites you but does no damage. The wolf bites you (9)!
You are perforated ruthlessly!
* * * LOW HITPOINT WARNING * * *
The wolf closely misses you. The wolf bites you (16)!
You are perforated ruthlessly!
You die...

*,,**...#.,,,,**,,4.,**,,,***,,,,
**,.#.....###*****.#***,,,*,,,,,,
*,,.........## *#)## *,,,,,,,,,,
,*,.....P....## *...* *,,,,,,,,,*
*,,..P........###+#+# ****,,,****
**,......P>..#......# ***,,,,*
*,,...#...#.....h..## *,,,,,** *
*,,....?....B...h.## **,,*,** #
**,*#......##..^@.# **,,,*** *
***###....###....# *,,,** #
#.##..#.#...## ***,** ###
#*#P....#B.## *,*.# ###.#
####B..#### **..# #.##. #○..##.#
*#.P##* *#.#.
###..?###*#..##.#####..
#.....##...#*#..#....
**#.!.......#* #...#...


You could see 2 boulder beetles and 2 wolves.

Vanquished Creatures
  Gastronok (D:5)
  2 boulder beetles (Lair:2)
  Erica (D:3)
  A minotaur (Gauntlet)
  A swooping magpie (Lair:3)
  A hydra (Lair:3)
  A two-headed ogre (D:5)
  An oklob plant (Gauntlet)
  3 death yaks (D:4)
  A merfolk siren (Lair:2)
  An eye of devastation (Gauntlet)
  A moth of wrath (Gauntlet)
  2 black mambas (Lair:2)
  2 trolls (D:5)
  3 giraffes (Lair:2)
  A kobold demonologist (D:5)
  Psyche (D:4)
  2 komodo dragons (Lair:2)
  A hornet (D:5)
  4 spiny frogs
  A hippogriff (D:5)
  Grinder (D:3)
  Menkaure (D:2)
  15 yaks
  2 acid dragons (Gauntlet)
  A golden eye (Gauntlet)
  5 nagas (Lair:2)
  A bone scorpion (D:5)
  3 redbacks (Gauntlet)
  2 orc warriors (D:3)
  A floating eye (Gauntlet)
  6 porcupines
  5 water moccasins
  2 ice beasts
  2 scorpions
  2 sky beasts (D:4)
  5 ogres
  Ijyb (D:3)
  3 wolves (Lair:3)
  10 crocodiles
  9 big kobolds
  A centaur (D:5)
  A meliai zombie (D:4)
  3 blink frogs (Lair:1)
  3 howler monkeys
  9 killer bees
  3 wights (D:5)
  10 jellies
  2 llaibwcod
  4 orc priests
  5 hounds
  8 orc wizards
  4 iguanas
  5 worker ants
  2 wyvern skeletons
  4 water moccasin skeletons
  6 giant cockroaches
  A boggart zombie (D:4)
  8 adders
  2 gwybwcod (D:4)
  8 sewer rats (D:2)
  11 cinder newts
  2 worms
  18 bullfrogs
  A killer bee zombie (D:5)
  2 oozes
  A worker ant zombie (D:5)
  2 dart slugs (D:1)
  4 leopard geckos
  35 orcs
  2 adder skeletons
  10 bats
  7 goblins (D:1)
  6 hobgoblins (D:1)
  5 jackals
  38 kobolds
  6 quokkas
  3 ball pythons (D:2)
  2 bat skeletons (D:2)
  A kobold skeleton (D:2)
  A quokka skeleton (D:2)
  11 rats (D:1)
  A rat skeleton (D:2)
  A giant blowfly (D:2)
  2 withered plants (D:2)
370 creatures vanquished.

Vanquished Creatures (others)
  A sewer rat (D:2)
  A bullfrog (D:2)
  A leopard gecko (D:3)
  2 bats (D:2)
  A kobold (D:2)
  2 giant blowflies
  3 plants
  22 withered plants (D:2)
33 creatures vanquished.

Grand Total: 403 creatures vanquished

Notes
Turn   | Place    | Note
-------+----------+-------------------------------------------
     0 | Start Te | Leeroy the Immature Draconian Priest began the quest for
                  | the Orb.
     0 | Start Te | Reached XP level 1. HP: 29/29 MP: 3/3
     0 | Start Te | Found a sparkling altar of Nemelex Xobeh.
     1 | Start Te | Found a basalt altar of Yredelemnul.
     1 | Start Te | Found a white marble altar of Elyvilon.
     2 | Start Te | Found an iron altar of Okawaru.
     3 | Start Te | Found a glowing silver altar of Zin.
     3 | Start Te | Found a blossoming altar of Fedhas.
     4 | Start Te | Found a stormy altar of Qazlal.
     5 | Start Te | Found a glowing golden altar of the Shining One.
     5 | Start Te | Found an opulent altar of Gozag.
     6 | Start Te | Found a sacrificial altar of Ru.
     7 | Start Te | Found an ornate altar of Bahamut and Tiamat.
     7 | Start Te | Found a hazy altar of Hepliaklqana.
    15 | Start Te | Became a worshipper of Bahamut & Tiamat
    15 | Start Te | Reached * piety under Bahamut & Tiamat
    15 | Start Te | Reached ** piety under Bahamut & Tiamat
    73 | D:1      | Reached XP level 2. HP: 36/39 MP: 5/5
   224 | D:1      | Reached XP level 3. HP: 23/49 MP: 6/6
   670 | D:1      | Reached XP level 4. HP: 59/59 MP: 7/7
   714 | D:1      | Reached *** piety under Bahamut & Tiamat
  1282 | D:2      | Noticed a big kobold
  1289 | D:2      | Killed a big kobold
  1289 | D:2      | Reached skill level 5 in Unarmed Combat
  1289 | D:2      | Reached XP level 5. HP: 69/69 MP: 8/8
  1625 | D:2      | Found a faded altar of an unknown god.
  1703 | D:2      | Reached XP level 6. HP: 73/79 MP: 9/9
  1713 | D:2      | Reached **** piety under Bahamut & Tiamat
  1876 | D:2      | Reached skill level 5 in Invocations
  1876 | D:2      | Your scales start taking on an empereal azure colour.
  1876 | D:2      | Reached XP level 7. HP: 89/89 MP: 11/11
  1876 | D:2      | Gained mutation: Your lustrous platinum scales increase
                  | your movement speed and make you resistant to mutation.
                  | (fast, rMut) [Cyan Draconian growth]
  1876 | D:2      | Gained mutation: You are in touch with the powers of
                  | translocation, transmutation and hexes. [Cyan Draconian
                  | growth]
  2711 | D:2      | Reached XP level 8. HP: 53/99 MP: 14/14
  2721 | D:2      | Reached ***** piety under Bahamut & Tiamat
  3085 | D:2      | Found a glowing golden altar of the Shining One.
  3119 | D:2      | Noticed Menkaure
  3126 | D:2      | Killed Menkaure
  3365 | D:2      | Noticed Prince Ribbit
  3727 | D:3      | Reached skill level 2 in Fighting
  3813 | D:3      | Reached skill level 3 in Fighting
  3849 | D:3      | Reached skill level 4 in Fighting
  3858 | D:3      | Found a bloodstained altar of Trog.
  3880 | D:3      | Reached skill level 5 in Fighting
  4216 | D:3      | Reached skill level 6 in Fighting
  4348 | D:3      | Noticed Ijyb
  4348 | D:3      | Noticed Grinder
  4424 | D:4      | Found a staircase to the Ecumenical Temple.
  4434 | D:4      | Reached skill level 7 in Fighting
  4434 | D:4      | Reached XP level 9. HP: 99/108 MP: 15/15
  4480 | D:7      | Connectivity tunneler affected nrook_campfire.
  4480 | D:7      | Connectivity tunneler affected nrook_campfire.
  4480 | Temple   | Entered the Ecumenical Temple
  4718 | D:3      | Reached skill level 8 in Fighting
  4721 | D:3      | Killed Grinder
  4725 | D:3      | Killed Ijyb
  4725 | D:3      | Reached skill level 9 in Fighting
  5110 | D:4      | Noticed Erica
  5111 | D:4      | Noticed Psyche
  5141 | D:3      | Killed Erica
  5141 | D:3      | Reached skill level 11 in Fighting
  5381 | D:4      | Killed Psyche
  5475 | D:4      | Identified the cursed ring "Salat" {rPois rN+ +Vis, (Curse:
                  | *Drain)}
  5758 | D:4      | Reached skill level 12 in Fighting
  5758 | D:4      | Gained mutation: You are naturally skilled at Bows
                  | (Aptitude +3). [draconic bloodline]
  5758 | D:4      | Reached XP level 10. HP: 86/118 MP: 16/16
  6239 | D:4      | Reached ****** piety under Bahamut & Tiamat
  6651 | D:4      | Your scales start taking on a lustrous platinum colour.
  6651 | D:4      | Reached XP level 10. HP: 118/118 MP: 16/16
  6653 | D:5      | Entered Level 5 of the Dungeon
  6677 | D:5      | Identified the cursed amulet of Charity {-Vis rElec rPois
                  | Str-5 Slay+5, (Curse: *Corrode Int-4)}
  6678 | D:5      | Noticed a death yak
  6680 | D:5      | Found a staircase to the Lair.
  6681 | D:5      | Noticed a death yak
  6685 | D:5      | Noticed a death yak
  7005 | D:4      | Received a gift from Bahamut & Tiamat
  7009 | D:4      | Learned a level 1 spell: Flame Tongue
  7017 | D:4      | Learned a level 7 spell: Dragon Form
  7018 | D:5      | Found Wutydd's Magic Scroll Shop.
  7040 | D:5      | Bought a scroll of enchantment for 82 gold pieces
  7040 | D:5      | Bought a scroll of enchantment for 82 gold pieces
  7565 | D:5      | Reached skill level 13 in Fighting
  7682 | D:4      | Killed a death yak
  7953 | D:5      | Noticed a two-headed ogre
  8025 | D:4      | Killed a death yak
  8121 | D:4      | Reached skill level 14 in Fighting
  8790 | D:4      | Killed a death yak
  9023 | D:5      | Reached skill level 15 in Fighting
  9044 | D:5      | Found an opulent altar of Gozag.
  9044 | D:5      | Found an iron altar of Okawaru.
  9044 | D:5      | Found a stormy altar of Qazlal.
  9044 | D:5      | Found an ornate altar of Bahamut and Tiamat.
  9131 | D:5      | Reached skill level 1 in Transmutations
  9190 | D:5      | Reached XP level 11. HP: 82/128 MP: 17/17
  9519 | D:5      | Noticed Gastronok
  9682 | D:5      | Killed a two-headed ogre
  9682 | D:5      | Reached skill level 5 in Transmutations
 10376 | D:5      | Killed Gastronok
 10973 | Lair:1   | Entered Level 1 of the Lair of Beasts
 11031 | Lair:1   | Reached skill level 1 in Spellcasting
 11202 | Lair:1   | Found a gate leading to a gauntlet.
 11252 | Gauntlet | Entered a Gauntlet
 11252 | Gauntlet | Found a transporter.
 11264 | Gauntlet | Found a transporter.
 11277 | Gauntlet | Found a transporter.
 11282 | Gauntlet | Found a transporter.
 11297 | Gauntlet | Found a transporter.
 11298 | Gauntlet | Identified the +0 hat of the Wild Haggis {rN+ MP+9}
 11316 | Gauntlet | Found a transporter.
 11316 | Gauntlet | Noticed a fire crab
 11327 | Gauntlet | Identified the ring of Qoqoisih {rPois rN+ Str+5 Int+3}
 11328 | Gauntlet | Found a transporter.
 11331 | Gauntlet | Identified a scroll of acquirement
 11340 | Gauntlet | Found a transporter.
 11342 | Gauntlet | Found the +8 arc blade {discharge, rElec}
 11346 | Gauntlet | Found a transporter.
 11361 | Gauntlet | Identified the +2 pair of gloves of Ureok {rPois rF+ MR+}
 11361 | Gauntlet | Found a transporter.
 11361 | Gauntlet | Noticed a catoblepas
 11370 | Gauntlet | Noticed a wizard
 11371 | Gauntlet | Noticed a wizard
 11373 | Gauntlet | Found a transporter.
 11391 | Gauntlet | Found a transporter.
 11409 | Gauntlet | Found a transporter.
 11411 | Gauntlet | Found a transporter.
 11436 | Gauntlet | Found a transporter.
 11438 | Gauntlet | Found a transporter.
 11458 | Gauntlet | Found a transporter.
 11536 | Gauntlet | Found a transporter.
 11801 | Gauntlet | Reached skill level 5 in Spellcasting
 12294 | Gauntlet | Learned a level 4 spell: Leda's Liquefaction
 12427 | Gauntlet | Noticed a minotaur
 12438 | Gauntlet | Identified the +0 cloak of Bidoosh {Harm}
 12447 | Gauntlet | Killed a minotaur
 12983 | Lair:1   | Gained mutation: You are naturally skilled at Stealth
                  | (Aptitude +3). [draconic bloodline]
 12983 | Lair:1   | Reached XP level 12. HP: 117/138 MP: 24/24
 13418 | Lair:2   | Found a staircase to the Snake Pit.
 14408 | Lair:2   | Reached skill level 10 in Spellcasting
 14475 | Lair:2   | Found a staircase to the Shoals.
 14484 | Lair:2   | Noticed a boulder beetle
 14499 | Lair:2   | Killed a boulder beetle
 14857 | Lair:2   | Noticed a boulder beetle
 14872 | Lair:2   | Killed a boulder beetle
 16147 | Lair:3   | Noticed a boulder beetle
 16163 | Lair:3   | Reached skill level 10 in Transmutations
 16190 | Lair:3   | Noticed a boulder beetle
 16210 | Lair:3   | Slain by a wolf

Illustrated notes

Levels and vault maps discovered:
D:1:      dpeg_arrival_subterranean_lakeside_camping, layout_loops_ring
D:2:      layout_sewer, tso_oasis_becter, sewer_frog_pond,
          chequers_ecumenical_altar_simple, first_ration, minmay_starry_boxes,
          uniq_menkaure
D:3:      layout_rooms, basic_altar, grunt_ogre_cave, uniq_ijyb, uniq_grinder
D:4:      layout_basic, minmay_temple_entry_statues_pillars, uniq_psyche,
          uniq_erica
D:5:      layout_long_grid, chequers_temple_overflow_statue_of_worship,
          dpeg_lair_monsters, serial_shops, nicolae_shop_waterfront,
          grunt_potential, uniq_gastronok
Temple:   regret_index_temple_waves
Lair:1:   layout_loops_ring, gauntlet_entry_generic, lemuel_fruit_fields
Lair:2:   layout_chaotic_city, minmay_shoals_entry_lonely_mermaid,
          minmay_snake_entry_guardpost_medium
Lair:3:   layout_misc_corridors, portal_ice_cave_demonic_guard

Skill      XL: |  1  2  3  4  5  6  7  8  9 10 11 12 |
---------------+-------------------------------------+-----
Unarmed Combat | 3 4 5 6 |  6.7
Invocations    | 5 8 9 |  9.2
Fighting       | 7 12 15 | 15.0
Transmutations | 2 9 10 | 10.3
Spellcasting   | 8 12 | 12.1
Stealth        | 2 |  2.0
Dodging        | |  1.5

Action                   |  1- 3 |  4- 6 |  7- 9 | 10-12 || total
-------------------------+-------+-------+-------+-------++-------
Melee: Unarmed           |    95 |   192 |   644 |  1614 ||  2545
       Peck              |     9 |    19 |    63 |   231 ||   322
       Scimitar          |       |       |       |     5 ||     5
       Dagger            |       |       |       |     3 ||     3
Throw: Stone             |       |       |     1 |     5 ||     6
       Bone              |       |       |       |     7 ||     7
       Skull             |       |       |       |     2 ||     2
       Rusty metal       |       |       |       |     1 ||     1
 Cast: Flame Tongue      |       |       |       |     1 ||     1
Invok: Choose Bahamut's  |       |     1 |       |       ||     1
       Choose Tiamat's A |       |     1 |       |       ||     1
       Drake Mount       |       |     1 |     1 |     3 ||     5
       Choose Bahamut's  |       |     1 |       |       ||     1
       Adaptive Breath   |       |       |     2 |     4 ||     6
       Choose Bahamut's  |       |       |       |     2 ||     2
       Receive Book of t |       |       |       |     1 ||     1
 Abil: Breathe Dart      |       |     1 |       |       ||     1
       Breathe Blast of  |       |       |     4 |       ||     4
       Breathe Mutagenic |       |       |       |    30 ||    30
Evoke: Wand              |       |       |     2 |       ||     2
  Use: Potion            |       |       |     2 |     1 ||     3
       Scroll            |       |       |       |     9 ||     9
 Stab: Sleeping          |     2 |     2 |     4 |    10 ||    18
       Distracted        |     1 |       |     4 |       ||     5
       Held in net/web   |       |       |     3 |       ||     3
  Eat: Chunk             |       |     4 |    15 |    32 ||    51
       Ration            |       |       |       |     2 ||     2
Armor: Skin              |    10 |    24 |    73 |   200 ||   307
Dodge: Dodged            |    13 |    21 |    57 |   232 ||   323
